 Dungeon Crawl Stone Soup version 0.28-a0-60-g54b5640690 (webtiles) character file.

Game seed: 2998572542462189661

2 joshua the Magician (level 1, 14/15 HPs)
             Began as a Djinni Fire Elementalist on July 31, 2021.
             Quit the game on level 1 of the Dungeon.
             The game lasted 00:03:40 (161 turns).

joshua the Magician (Djinni Fire Elementalist)       Turns: 161, Time: 00:03:41

Health: 14/15      AC:  2    Str:  7    XL:     1   Next: 44%
Gold:   8          EV: 12    Int: 16    God:
                   SH:  0    Dex: 13

rFire   + + .      SeeInvis .   (no weapon)
rCold   x . .      Faith    .   (no shield)
rNeg    . . .      Spirit   .   a - +0 robe
rPois   ∞          Reflect  .   (no helmet)
rElec   .          Harm     .   (no cloak)
rCorr   .          Rampage  .   (no gloves)
Will    .....                   (boots unavailable)
Stlth   ++........              (no amulet)
HPRegen 0.05/turn               (no ring)
MPRegen 0.00/turn               (no ring)

@: flying
A: sickness immunity, fire resistance 2, cold vulnerability 1, float, innate
caster, hp casting, extra vitality 1
a: no special abilities


You were on level 1 of the Dungeon.
You visited 1 branch of the dungeon, and saw 1 of its levels.

You collected 8 gold pieces.


Innate Abilities, Weirdness & Mutations

You are immune to sickness and miasma.
You are immune to poison.
Your flesh is very heat resistant. (rF++)
You are vulnerable to cold. (rC-)
You float through the air rather than walking.
You learn spells naturally, not from books.
Your magical power is your life essence.
You have superior vitality. (+4 HP)


   Skills:
 + Level 2.2 Dodging
 + Level 1.6 Stealth
 + Level 2.5 Spellcasting


You couldn't memorise any spells.
You knew the following spells:

 Your Spells              Type           Power      Damage    Failure   Level
a - Foxfire               Conj/Fire      40%        2x1d6     7%          1
b - Conjure Flame         Conj/Fire      10%        6-21      22%         3
c - Inner Flame           Hex/Fire       10%        N/A       22%         3
d - Sticky Flame          Conj/Fire      10%        2d3       56%         4
e - Fireball              Conj/Fire      5%         3d5       89%         5
Your spell library was empty.

Inventory:

Hand Weapons
 b - a +0 mace of protection
   (You found it on level 1 of the Dungeon)
Armour
 a - a +0 robe (worn)

Dungeon Overview and Level Annotations

Branches:
Dungeon (1/15)

Altars:

#...##.⌠.♣.⌠.♣
########..#........
..........#########
#########†.......
####.#####.#
#..........#
#..........#
###########...........
.......@.......#######
.###############


There were no monsters in sight!


Message History

Welcome, joshua the Djinni Fire Elementalist.
Will you prevail where others failed? Will you find the Orb of Zot?
Press ? for a list of commands and other information.
Found 8 gold pieces.
Found a staircase leading out of the dungeon.
You begin with the following spells memorised: Foxfire, Conjure Flame, Inner Flame, Sticky Flame, Fireball.
You now have 8 gold pieces.
There is a fountain of clear blue water here.
A giant cockroach comes into view.
The giant cockroach bites you. The giant cockroach misses you.
Cast which spell? (? or * to list)
You don't know that spell.
Cast which spell? (? or * to list)
You conjure some foxfire!
The giant cockroach misses you.
Your foxfire dissipates!
The foxfire hits the giant cockroach.
You kill the giant cockroach!
HP restored.
There is an empty arch of ancient stone here.
A rat comes into view.
Casting: Foxfire (safe; 7% risk of failure)
Confirm with . or Enter, or press ? or * to list all spells.
Okay, then.
Casting: Foxfire (safe; 7% risk of failure)
Confirm with . or Enter, or press ? or * to list all spells.
You don't know that spell.
Casting: Foxfire (safe; 7% risk of failure)
Confirm with . or Enter, or press ? or * to list all spells.
You conjure some foxfire!
The foxfire hits the rat but does no damage.
Casting: Foxfire (safe; 7% risk of failure)
Confirm with . or Enter, or press ? or * to list all spells.
You conjure some foxfire!
Your foxfire dissipates!
Your foxfire dissipates!
The foxfire hits the rat.
The rat is moderately wounded.
The rat closely misses you.
You hit the rat but do no damage.
The rat is moderately wounded.
The rat barely misses you.
You hit the rat.
The rat is severely wounded.
The rat bites you.
Casting: Foxfire (safe; 7% risk of failure)
Confirm with . or Enter, or press ? or * to list all spells.
You conjure some foxfire!
The rat bites you but does no damage.
Your foxfire dissipates!
The foxfire hits the rat.
You kill the rat!
You see here a rat corpse.
Unknown command.
A frilled lizard comes into view.
The frilled lizard hisses angrily.
Casting: Foxfire (safe; 7% risk of failure)
Confirm with . or Enter, or press ? or * to list all spells.
You conjure some foxfire!
The foxfire hits the frilled lizard.
You kill the frilled lizard!
You see here a frilled lizard corpse.
Found a glowing mace.
You see here a +0 mace of protection.
b - a +0 mace of protection Your +0 mace of protection hums with potential!
b - a +0 mace of protection (weapon)
Welcome back, joshua the Djinni Fire Elementalist.
Press ? for a list of commands and other information.
Options error: Bad object type '%}|\' for autopickup. (~/.crawlrc:2070) Welcome back, joshua the Djinni Fire Elementalist.
Press ? for a list of commands and other information.
Your +0 mace of protection goes still.
You are now empty-handed.
Unknown command.
Saving game... please wait.
Options error: Bad object type '%}|\' for autopickup. (~/.crawlrc:4924) Welcome back, joshua the Djinni Fire Elementalist.
Press ? for a list of commands and other information.
Saving game... please wait.
Options error: Bad object type '%}|\' for autopickup. (~/.crawlrc:4924) Welcome back, joshua the Djinni Fire Elementalist.
Press ? for a list of commands and other information.
Lua error: [string "/dgldir/rcfiles/crawl-git/joshua.rc"]:43: attempt to call field 'res_statdrain' (a nil value) Lua error: [string "/dgldir/rcfiles/crawl-git/joshua.rc"]:43: attempt to call field 'res_statdrain' (a nil value) Saving game... please wait.
Options error: Bad object type '%}|\' for autopickup. (~/.crawlrc:4924) Welcome back, joshua the Djinni Fire Elementalist.
Press ? for a list of commands and other information.
Lua error: [string "/dgldir/rcfiles/crawl-git/joshua.rc"]:43: attempt to call field 'res_statdrain' (a nil value) Lua error: [string "/dgldir/rcfiles/crawl-git/joshua.rc"]:43: attempt to call field 'res_statdrain' (a nil value) Saving game... please wait.
Options error: Bad object type '%}|\' for autopickup. (~/.crawlrc:4924) Welcome back, joshua the Djinni Fire Elementalist.
Press ? for a list of commands and other information.
Are you sure you want to abandon this character and quit the game? (Confirm with "yes".)

Action                   || total
-------------------------++-------
Melee: Unarmed           ||     2
 Cast: Foxfire           ||     5
Armor: Robe              ||     1
Dodge: Dodged            ||     4

Levels and vault maps discovered:
D:1:      mainiacjoe_arrival_reflecting_pool, layout_basic

Notes
Turn   | Place    | Note
-------+----------+-------------------------------------------
     0 | D:1      | joshua the Djinni Fire Elementalist began the quest for the
                  | Orb.
     0 | D:1      | Reached XP level 1. HP: 15/15 MP: 0/0
   161 | D:1      | Quit the game

Vanquished Creatures
  A giant cockroach (D:1)
  A frilled lizard (D:1)
  A rat (D:1)
3 creatures vanquished.

Vanquished Creatures (others)
  6 foxfires (D:1)
6 creatures vanquished.

Grand Total: 9 creatures vanquished

Table legend: (Time is in decaauts)
 A = Elapsed time spent in this place.
 B = Non-inter-level travel time spent in this place.
 C = Inter-level travel time spent in this place.
 D = Time resting spent in this place.
 E = Time spent auto-exploring this place.
 F = Levels seen in this place.
 G = Mean time per level.
                   A        B        C        D        E       F      G
               +--------+--------+--------+--------+--------+-----+--------+
         Total |    159 |    147 |     12 |      0 |    122 |   1 |  159.0 |
       Dungeon |    159 |    147 |     12 |      0 |    122 |   1 |  159.0 |
               +--------+--------+--------+--------+--------+-----+--------+

Top non-repeatable levels by time:
     D:1: 159 daAuts

Table legend:
 A = Non-vault XP
 B = Vault XP
 C = Vault XP percentage of total XP
 D = Non-vault monster count
 E = Vault monster count
 F = Vault count percentage of total count
                 A         B        C        D         E       F
            +---------+---------+-------+---------+---------+-------
      Total |       4 |       0 |   0.0 |       3 |       0 |   0.0
            +---------+---------+-------+---------+---------+-------
        D:1 |       4 |       0 |   0.0 |       3 |       0 |   0.0
            +---------+---------+-------+---------+---------+-------
